 Dungeon Crawl Stone Soup version 0.28.0-45-g0d030f2227 (webtiles) character file.

Game seed: 13263658445708723891

62 Zeld the Sneak (level 4, 0/29 HPs)
             Began as a Gargoyle Delver on Apr 20, 2022.
             Was an Initiate of the Shining One.
             Slain by a wyvern skeleton (4 damage)
             ... on level 7 of the Dungeon.
             The game lasted 00:04:22 (2118 turns).

Zeld the Sneak (Gargoyle Delver)                    Turns: 2118, Time: 00:04:23

Health: 0/29       AC:  6    Str: 18    XL:     4   Next: 8%
Magic:  4/4        EV: 11    Int: 10    God:    the Shining One [......]
Gold:   19         SH:  0    Dex: 11    Spells: 3/3 levels left

rFire   . . .      SeeInvis .   a - +0 mace
rCold   . . .      Faith    .   (no shield)
rNeg    + . .      Spirit   .   b - +0 leather armour
rPois   ∞          Reflect  .   (no helmet)
rElec   +          Harm     .   (no cloak)
rCorr   .          Rampage  .   (no gloves)
Will    .....                   (no boots)
Stlth   +.........              (no amulet)
HPRegen 0.09/turn               (no ring)
MPRegen 0.09/turn               (no ring)

@: glowing
A: sickness immunity, AC +3, negative energy resistance 1, electricity
resistance, torment resistance 1, petrification resistance
a: Renounce Religion


You were on level 7 of the Dungeon.
You worshipped the Shining One.
The Shining One was noncommittal.
You visited 2 branches of the dungeon, and saw 5 of its levels.

You collected 19 gold pieces.

Inventory:

Hand Weapons
 a - a +0 mace (weapon)
Armour
 b - a +0 leather armour (worn)
Wands
 g - a wand of digging (17)
Scrolls
 c - a scroll of fog
 d - a scroll of magic mapping
 e - a scroll of fear
 i - 2 scrolls of identify {unknown}
Potions
 f - a potion of haste
 h - a potion of degeneration {unknown}


   Skills:
 * Level 3.9 Fighting
 * Level 2.7 Maces & Flails
 + Level 1.0 Armour
 + Level 1.9 Dodging
 + Level 5.6 Stealth
 + Level 0.7 Evocations


You had 3 spell levels left.
You didn't know any spells.
Your spell library was empty.

Dungeon Overview and Level Annotations

Branches:
Dungeon (7/15)             Temple (1/1) D:7

Altars:
Ashenzari
Cheibriados
Dithmenos
Elyvilon
Fedhas
Gozag
Hepliaklqana
Okawaru
Qazlal
Ru
Trog
Uskayaw
Vehumet
Wu Jian
Yredelemnul
Zin
The Shining One


Innate Abilities, Weirdness & Mutations

You are immune to sickness and miasma.
Your stone body is resilient. (AC +3)
You are immune to poison.
You resist negative energy. (rN+)
You are resistant to electric shocks. (rElec)
You are resistant to unholy torment.
You are immune to petrification.


Message History

You kneel at the altar of the Shining One.
The Shining One welcomes you!
Done exploring.
Done exploring.
Done exploring.
There is a radiant altar of Vehumet here.
There is a staircase back to the Dungeon here.
You climb upwards.
The wyvern skeleton barely misses you. x2
There is a staircase to the Ecumenical Temple here.
A wyvern skeleton is nearby!
A wyvern skeleton is nearby!
You hit the wyvern skeleton.
The wyvern skeleton is lightly damaged.
The wyvern skeleton bites you. The wyvern skeleton bites you!
You sock the wyvern skeleton!
The wyvern skeleton is moderately damaged.
The wyvern skeleton bites you but does no damage.
The wyvern skeleton bites you.
You are too injured to fight recklessly!
You hit the wyvern skeleton.
The wyvern skeleton is heavily damaged.
The wyvern skeleton completely misses you.
You are too injured to fight recklessly!
You hit the wyvern skeleton.
The wyvern skeleton is heavily damaged.
The wyvern skeleton closely misses you.
The wyvern skeleton bites you but does no damage.
You barely miss the wyvern skeleton.
The wyvern skeleton is heavily damaged.
The wyvern skeleton completely misses you.
You hit the wyvern skeleton.
The wyvern skeleton is severely damaged.
The wyvern skeleton bites you.
* * * LOW HITPOINT WARNING * * *
The wyvern skeleton bites you.
* * * LOW HITPOINT WARNING * * *
You hit the wyvern skeleton but do no damage.
The wyvern skeleton is severely damaged.
The wyvern skeleton bites you.
You die...

≈.....≈.♣##.######.#
≈.≈≈≈.≈.♣##.##### .#
≈≈...≈≈.♣.>.....# .#
≈≈._.≈≈.♣##.###.##.###
≈≈...≈≈.♣............#
≈.≈≈≈.≈.♣.#....#.#...#
≈.....≈.♣.....#.#.#..#
.≈≈≈≈≈..♣#.#.#.#.#.#.#
♣♣♣♣♣♣♣ #Z#..#.@.#..#
.....## ....#.#Z#.#..#
......##
..#..#.#.#.....
<......#
......#.#...###F
.......+
..............
.......#
.#....#####.##.
......## ##.#. .#
.....## #.#. # #...##


You could see a wyvern skeleton.

Vanquished Creatures
  A bullfrog zombie (D:6)
  An adder (D:5)
  A worm (D:4)
  6 orcs
  A ball python (D:4)
  A goblin (D:4)
  A hobgoblin (D:4)
  A kobold (D:4)
13 creatures vanquished.

Notes
Turn   | Place    | Note
-------+----------+-------------------------------------------
     0 | D:5      | Zeld the Gargoyle Delver began the quest for the Orb.
     0 | D:5      | Reached XP level 1. HP: 14/14 MP: 1/1
    54 | D:5      | Reached XP level 2. HP: 15/19 MP: 2/2
   620 | D:4      | Noticed a scorpion
   896 | D:4      | Reached XP level 3. HP: 8/23 MP: 3/3
  1161 | D:4      | Noticed a necrophage
  1254 | D:6      | Found a broken altar of Ashenzari.
  1267 | D:6      | Reached skill level 1 in Armour
  1267 | D:6      | Reached XP level 4. HP: 9/29 MP: 4/4
  1582 | D:6      | Noticed a phantom
  1639 | D:7      | Found an ornate altar of the Wu Jian Council.
  1702 | D:7      | Found a staircase to the Ecumenical Temple.
  1709 | D:7      | Noticed a bullfrog
  1713 | Temple   | Entered the Ecumenical Temple
  2089 | Temple   | Became a worshipper of the Shining One
  2118 | D:7      | Slain by a wyvern skeleton

Illustrated notes

Levels and vault maps discovered:
D:4:      layout_loops_ring, gammafunk_ghost_grave
D:5:      layout_basic
D:6:      layout_loops_ring, nicolae_ashenzari_panopticon,
          nicolae_shop_fire_sale [nicolae_sub_dead_trees], uniq_eustachio
D:7:      layout_loops_corners, grunt_temple_overflow_champion_of_chaos,
          mainiacjoe_overflow_paths, minmay_temple_entry_grid, serial_undead,
          serial_undead_a, serial_undead_c, serial_undead_d, serial_undead_e,
          serial_bayou_pond_e, uniq_duvessa, uniq_pikel
Temple:   regret_index_temple_waves

Skill      XL: |  1  2  3 |
---------------+----------+-----
Armour         | 1 |  1.0
Fighting       | |  3.9
Maces & Flails | |  2.7
Dodging        | |  1.9
Stealth        | |  5.6
Evocations     | |  0.7

Action                   |  1- 3 |  4- 6 || total
-------------------------+-------+-------++-------
Melee: Mace              |    57 |     7 ||    64
 Stab: Sleeping          |     1 |       ||     1
Armor: Leather armour    |    13 |     2 ||    15
Dodge: Dodged            |    39 |     5 ||    44
